 Dungeon Crawl Stone Soup version 0.24-a0-84-g25a2d9f (webtiles) character file.

Game seed: 12949523224747746364

1962 Dantiko the Thrower (level 9, -8/75 HPs)
             Began as a Centaur Gladiator on Feb 8, 2019.
             Was a Follower of Zin.
             Killed by divine providence
             ... invoked by an orc priest
              (12 damage)
             ... on level 6 of the Dungeon.
             The game lasted 00:16:10 (5280 turns).

Dantiko the Thrower (Centaur Gladiator)             Turns: 5280, Time: 00:16:11

Health: -8/75      AC:  9    Str: 21    XL:     9   Next: 0%
Magic:  9/9        EV:  9    Int:  7    God:    Zin [*.....]
Gold:   183        SH:  0    Dex: 10    Spells: 8/8 levels left

rFire    . . .     SeeInvis .   a - +0 trident
rCold    . . .     Gourm    .   (no shield)
rNeg     . . .     Faith    .   h - +0 ring mail
rPois    .         Spirit   .   c - +0 helmet
rElec    .         Reflect  .   D - +2 cloak {+Inv}
rCorr    .         Harm     .   (no gloves)
MR       .....                  (no barding)
Stlth    ..........             m - amulet of regeneration
HPRegen  0.62/turn              (no ring)
MPRegen  0.11/turn              (no ring)

@: lethally poisoned (-8 -> -8), hasted, quick
A: large, hooves 3, deformed body, speed 2, tough skin 3
a: Recite, Donate Gold, Renounce Religion, Evoke Invisibility


You were on level 6 of the Dungeon.
You worshipped Zin.
Zin was aware of your devotion.
You were not hungry.

You visited 2 branches of the dungeon, and saw 7 of its levels.
You also visited: Sewer.

You collected 203 gold pieces.
You donated 20 gold pieces to Zin.

Inventory:

Hand Weapons
 a - a +0 trident (weapon)
Missiles
 d - 3 throwing nets
 i - 86 stones (quivered)
 x - 49 poisoned needles
Armour
 c - a +0 helmet (worn)
 h - a +0 ring mail (worn)
 D - a +2 cloak of invisibility (worn)
Jewellery
 m - an amulet of regeneration (around neck)
Wands
 B - a wand of disintegration (15)
 C - a wand of polymorph (6)
Scrolls
 b - 3 scrolls of fear {unknown}
 e - a scroll of blinking {unknown}
 j - 5 scrolls of identify {unknown}
 k - 5 scrolls of teleportation
 l - a scroll of magic mapping {unknown}
 o - a scroll of enchant armour {unknown}
 p - 2 scrolls of remove curse {unknown}
 s - a scroll of fog {unknown}
 w - a scroll of immolation {unknown}
 y - 2 scrolls of amnesia {unknown}
Potions
 g - 2 potions of invisibility {unknown}
 n - a potion of degeneration {unknown}
 q - 2 potions of agility {unknown}
 r - 4 potions of flight {unknown}
 t - a potion of mutation {unknown}
 v - 2 potions of magic {unknown}
 z - a potion of might {unknown}
 A - a potion of resistance {unknown}
 E - a potion of curing {unknown}
Comestibles
 f - 14 rations
 F - 8 chunks of flesh


   Skills:
 - Level 6.0 Fighting
 - Level 6.0 Polearms
 + Level 9.5 Throwing
 - Level 2.1 Dodging


You had 8 spell levels left.
You didn't know any spells.
Your spell library was empty.

Dungeon Overview and Level Annotations

Branches:
Dungeon (6/15)             Temple (1/1) D:4

Altars:
Ashenzari
Cheibriados
Dithmenos
Elyvilon
Fedhas
Gozag
Hepliaklqana
Kikubaaqudgha
Makhleb
Nemelex Xobeh
Okawaru
Qazlal
Ru
Sif Muna
Trog
Uskayaw
Vehumet
Wu Jian
Xom
Yredelemnul
Zin
The Shining One


Innate Abilities, Weirdness & Mutations

You have hooves in place of feet.
Armour fits poorly on your strangely shaped body.
You cover ground very quickly.
You have extremely tough skin. (AC +3)


Message History

The orc priest shouts!
You feel sick.
The orc warrior hits you with a +0 battleaxe!!
* * * LOW HITPOINT WARNING * * *
You feel sick.
You feel sick.
You enter the shallow water.
Moving in this stuff is going to be slow.
You feel sick.
You feel sick.
You feel yourself speed up.
Things that are here:
a +1 robe of cold resistance; a cursed -2 dagger You feel sick.
The orc priest mumbles some strange prayers to Beogh against you.
Beogh smites you!
* * * LOW HITPOINT WARNING * * *
The orc priest mumbles some strange prayers to Beogh against you.
Beogh smites you!
You die...

####...#)..##.#
##...###..##)≈≈##..
..#......##≈o≈##.#
...####.##≈≈≈#..#
#.### #.##≈o[#..# ..#
#.##≈.≈# #.# #.##≈≈≈#
#####.###.##≈≈≈#
#.........##≈≈@# ##
#.###.######≈≈≈# ..
##.## #...# .#
#.##...######..# .#
#......).......# .#
####...######..####.#
##.## #.....<.#
#.#######.####..#.
#.........####.....


You could see an orc warrior and an orc priest.

Vanquished Creatures
  Grinder (D:5)
  Sigmund (D:3)
  A phantom (D:5)
  5 ogres
  3 bullfrogs (D:6)
  A water moccasin skeleton (D:6)
  4 crimson imps
  2 hounds
  A bullfrog zombie (D:5)
  2 jellies (D:5)
  2 orc priests
  Crazy Yiuf (D:2)
  Jessica (D:2)
  An iguana (D:5)
  Natasha (thrice) (D:3)
  3 orc wizards
  A worker ant (D:4)
  7 gnolls
  9 adders
  3 oozes
  2 worms
  2 dart slugs (D:3)
  6 leopard geckos
  11 orcs
  14 bats
  5 giant cockroaches
  2 goblins
  4 hobgoblins
  7 jackals
  A quokka (D:3)
  3 ball pythons
  4 frilled lizards
  A jackal skeleton (D:6)
  3 kobolds (D:2)
  2 quokka skeletons
  3 rats
122 creatures vanquished.

Notes
Turn   | Place    | Note
-------+----------+-------------------------------------------
     0 | D:1      | Dantiko the Centaur Gladiator began the quest for the Orb.
     0 | D:1      | Reached XP level 1. HP: 17/17 MP: 1/1
   329 | D:1      | Reached XP level 2. HP: 21/24 MP: 2/2
   524 | D:2      | Noticed Jessica
   527 | D:2      | Killed Jessica
   527 | D:2      | Reached XP level 3. HP: 24/29 MP: 3/3
   755 | D:2      | Noticed an ogre
   823 | D:2      | Killed an ogre
   823 | D:2      | Reached XP level 4. HP: 24/40 MP: 4/4
   823 | D:2      | Reached XP level 5. HP: 28/46 MP: 5/5
  1307 | D:2      | Found an ancient bone altar of Kikubaaqudgha.
  1308 | D:2      | Found a blossoming altar of Fedhas.
  1350 | D:2      | Found a runed translucent door.
  1351 | D:2      | Noticed Crazy Yiuf
  1645 | D:2      | Killed Crazy Yiuf
  1792 | D:3      | Found a shattered altar of Ashenzari.
  2052 | D:3      | Reached XP level 6. HP: 52/52 MP: 6/6
  2092 | D:3      | Noticed Sigmund
  2099 | D:3      | Killed Sigmund
  2099 | D:3      | Reached skill level 5 in Polearms
  2122 | D:3      | Noticed Natasha
  2125 | D:3      | You fall through a shaft for 3 floors!
  2126 | D:6      | Found a glowing drain.
  2150 | Sewer    | Entered a sewer
  2534 | D:6      | Reached XP level 7. HP: 46/60 MP: 7/7
  2538 | D:6      | Reached skill level 5 in Fighting
  2609 | D:5      | Entered Level 5 of the Dungeon
  2796 | D:3      | Found a burning altar of Makhleb.
  3068 | D:3      | Killed Natasha
  3068 | D:3      | Reached skill level 3 in Throwing
  3086 | D:3      | Found an iron altar of Okawaru.
  3159 | D:3      | Noticed Natasha
  3166 | D:3      | Killed Natasha
  3277 | D:3      | Noticed Natasha
  3284 | D:3      | Killed Natasha
  3342 | D:4      | Reached skill level 4 in Throwing
  3397 | D:4      | Reached skill level 5 in Throwing
  3402 | D:4      | Reached XP level 8. HP: 33/70 MP: 8/8
  3459 | D:4      | Found a staircase to the Ecumenical Temple.
  3469 | Temple   | Entered the Ecumenical Temple
  3779 | Temple   | Became a worshipper of the Shining One
  3921 | D:4      | Reached skill level 6 in Throwing
  4439 | D:5      | Noticed Grinder
  4450 | D:5      | Paralysed by Grinder for 3 turns
  4460 | D:5      | Paralysed by Grinder for 5 turns
  4463 | D:5      | HP: 3/70 [Grinder (5)]
  4609 | D:5      | Killed Grinder
  4609 | D:5      | Reached skill level 7 in Throwing
  4657 | D:5      | Found a snail-covered altar of Cheibriados.
  4661 | D:5      | Found a bloodstained altar of Trog.
  4663 | D:5      | Found a glowing silver altar of Zin.
  4665 | D:5      | Found a hazy altar of Hepliaklqana.
  4669 | D:5      | Fell from the grace of the Shining One
  4669 | D:5      | Became a worshipper of Zin the Law-Giver
  4669 | D:5      | Reached * piety under Zin
  4745 | D:5      | Reached skill level 8 in Throwing
  5138 | D:6      | Reached skill level 9 in Throwing
  5256 | D:6      | Reached XP level 9. HP: 39/75 MP: 9/9
  5280 | D:6      | Killed from afar by an orc priest

Levels and vault maps discovered:

Skill      XL: |  1  2  3  4  5  6  7  8 |
---------------+-------------------------+-----
Polearms       | 3 4 6 |  6.0
Fighting       | 4 6 |  6.0
Throwing       | 5 9 |  9.5
Dodging        | |  2.1

Action                   |  1- 3 |  4- 6 |  7- 9 || total
-------------------------+-------+-------+-------++-------
Melee: Trident           |    69 |   157 |   243 ||   469
       Kick              |    12 |    23 |    63 ||    98
       Unarmed           |       |       |     2 ||     2
Throw: Stone             |       |       |     8 ||     8
  Use: Scroll            |       |     1 |       ||     1
       Potion            |       |       |     1 ||     1
  Eat: Chunk             |       |     3 |     5 ||     8
       Ration            |       |       |     1 ||     1
Armor: Ring mail         |    21 |    64 |    59 ||   144
       Skin              |       |       |     1 ||     1
Dodge: Dodged            |    19 |    67 |    55 ||   141

Table legend:
 A = Non-vault XP
 B = Vault XP
 C = Vault XP percentage of total XP
 D = Non-vault monster count
 E = Vault monster count
 F = Vault count percentage of total count
                 A         B        C        D         E       F
            +---------+---------+-------+---------+---------+-------
      Total |    2088 |     715 |  25.5 |      95 |      27 |  22.1
            +---------+---------+-------+---------+---------+-------
        D:1 |      15 |       0 |   0.0 |       8 |       0 |   0.0
        D:2 |     255 |      78 |  23.4 |      22 |       2 |   8.3
        D:3 |     149 |     303 |  67.0 |      20 |       3 |  13.0
        D:4 |     632 |       0 |   0.0 |      15 |       0 |   0.0
        D:5 |     488 |     290 |  37.3 |      15 |       1 |   6.2
        D:6 |     549 |       8 |   1.4 |      15 |       3 |  16.7
      Sewer |       0 |      36 | 100.0 |       0 |      18 | 100.0
            +---------+---------+-------+---------+---------+-------
